 Dungeon Crawl Stone Soup version 0.15.0-23-gc2b521c (webtiles) character file.

158 Nebuchadnezzar the Cudgeler (level 5, -1/27 HPs)
             Began as a Vine Stalker Berserker on Sept 8, 2014.
             Was a Believer of Trog.
             Killed from afar by an orc wizard (5 damage)
             ... with a puff of frost
             ... on Level 3 of the Dungeon.
             The game lasted 00:06:19 (1387 turns).

Nebuchadnezzar the Cudgeler (VSBe)                  Turns: 1387, Time: 00:06:20

HP  -1/27        AC  3     Str 20      XL: 5   Next: 39%
MP   0/7         EV 11     Int  7      God: Trog [**....]
Gold 188         SH  0     Dex 14      Spells:  0 memorised,  4 levels left

rFire  . . .     SeeInvis .     i - +0 dagger (venom)
rCold  . . .     Clarity  .     d - +0 leather armour
rNeg   . . .     rCorr    .     (no shield)
rPois  .         rRot     +     (no helmet)
rElec  .         Spirit   +     (no cloak)
SustAb .         Warding  .     (no gloves)
rMut   .         Stasis   .     (no boots)
Gourm  .                        (no amulet)
MR     .....                    (no ring)
                                (no ring)

@: exhausted, slowed, very slow, not resistant to hostile enchantments, very
unstealthy
A: fangs 2, regeneration 1, magic shield, antimagic bite, no device heal 3, rot
immunity
a: Burn Spellbooks, Berserk, Trog's Hand, Renounce Religion


You were on level 3 of the Dungeon.
You worshipped Trog.
Trog was pleased with you.
You were not hungry.

You visited 1 branch of the dungeon, and saw 3 of its levels.

You collected 188 gold pieces.

Inventory:

Hand weapons
 a - a +0 mace
 i - a +0 dagger of venom (weapon)
 q - a +0 hunting sling
 r - a +0 blowgun
Missiles
 h - 21 poisoned needles
 k - 11 sling bullets
 m - 5 javelins (quivered)
Armour
 b - a +0 animal skin
 d - a +0 leather armour (worn)
Comestibles
 c - 3 bread rations
 f - 2 meat rations
Potions
 e - 2 potions of magic
 g - a potion of heal wounds {unknown}
 j - a potion of restore abilities {unknown}
 l - a potion of mutation {unknown}
 n - 2 potions of curing {unknown}
 o - 2 potions of haste {unknown}
 p - 2 potions of resistance
 s - a potion of invisibility {unknown}
 t - a potion of lignification {unknown}
 w - a potion of agility {unknown}


   Skills:
 - Level 2.6 Fighting
 * Level 5.3 Maces & Flails
 - Level 1.5 Armour
 - Level 1.5 Dodging


You had 4 spell levels left.
You didn't know any spells.

Dungeon Overview and Level Annotations

Branches:
Dungeon (3/15)

Altars:


Innate Abilities, Weirdness & Mutations

You have extremely sharp teeth.
Your natural rate of healing is unusually fast.
When hurt, damage is shared between your health and your magic reserves.
Your bite disrupts and absorbs the magic of your enemies.
Potions and wands cannot restore your health.
You are immune to rotting.


Message History

The orc wizard hits you with a dagger.
* * * LOW HITPOINT WARNING * * *
Unknown command.
You are no longer berserk.
You are exhausted.
You feel yourself slow down. The orc wizard casts a spell at you.
The puff of frost hits you!
* * * LOW HITPOINT WARNING * * *
Things that are here:
a dagger; a robe; an orc corpse The orc barely misses you.
The orc wizard hits you but does no damage.
The orc barely misses you.
You barely miss the orc wizard.
The orc wizard glows brightly for a moment.
The orc completely misses you.
The orc wizard gestures at you while chanting.
The puff of frost hits you!
You die...

##........# #.<........
####........#. #............
#.###.......# ##### #)#
#####.##. #...####)# .#
#.#....))# # ##.#..###@#
#).#....oo# #.......#.##
#####..#....#..######.##
##......#.......>.......o
##.......#....###...###.#.
#.............##....o...#.o
#................)..........
#..........#####.(......##.


You could see an orc wizard and an orc.

Vanquished Creatures
  An orc priest (D:3)
  2 orc wizards (D:3)
  2 adders
  A shadow imp (D:3)
  A giant gecko (D:2)
  2 oozes (D:2)
  4 orcs (D:3)
  6 bats
  7 goblins
  5 hobgoblins
  4 giant cockroaches
  A giant newt (D:1)
  3 kobolds
  A kobold zombie (D:3)
  4 rats
44 creatures vanquished.

Notes
Turn   | Place    | Note
--------------------------------------------------------------
     0 | D:1      | Nebuchadnezzar, the Vine Stalker Berserker, began the quest for the Orb.
     0 | D:1      | Reached XP level 1. HP: 11/11 MP: 1/1
    60 | D:1      | Reached skill level 3 in Maces & Flails
   156 | D:1      | Reached XP level 2. HP: 16/16 MP: 3/3
   348 | D:1      | Acquired Trog's second power
   766 | D:2      | Reached XP level 3. HP: 14/19 MP: 2/4
   800 | D:2      | Reached skill level 4 in Maces & Flails
  1226 | D:3      | Reached XP level 4. HP: 13/23 MP: 5/5
  1380 | D:3      | Reached skill level 5 in Maces & Flails
  1380 | D:3      | Reached XP level 5. HP: 11/27 MP: 5/7
  1387 | D:3      | Killed from afar by an orc wizard

Action                   |  1- 3 |  4- 6 || total
-------------------------+-------+-------++-------
Melee: Mace              |    18 |       ||    18
       Dagger            |    99 |    15 ||   114
 Fire: Blowgun           |       |     6 ||     6
Invok: Berserk           |     2 |     1 ||     3
  Use: Scroll            |     5 |       ||     5
 Stab: Sleeping          |     1 |       ||     1
  Eat: Meat ration       |     1 |       ||     1
       Chunk             |     1 |       ||     1
